 Dungeon Crawl Stone Soup version 0.26.0-10-g1f06aea511 (webtiles) character file.

Game seed: 12772941752376169615

138 MajorAdolf the Shooter (level 5, -2/39 HPs)
             Began as a Naga Wanderer on Jan 16, 2021.
             Was an Initiate of Hepliaklqana.
             Slain by a white imp (3 damage)
             ... summoned by Natasha
             ... on level 3 of the Dungeon.
             The game lasted 00:06:03 (4390 turns).

MajorAdolf the Shooter (Naga Wanderer)              Turns: 4390, Time: 00:06:04

Health: -2/39      AC:  2    Str: 15    XL:     5   Next: 21%
Magic:  5/9        EV:  9    Int: 12    God:    Hepliaklqana [......]
Gold:   143        SH:  0    Dex: 11    Spells: 1/9 levels left

rFire    . . .     SeeInvis +   a - +2 dagger
rCold    . . .     Faith    .   (no shield)
rNeg     . . .     Spirit   .   e - +0 robe
rPois    +         Reflect  .   (no helmet)
rElec    .         Harm     .   (no cloak)
rCorr    .         Rampage  .   (no gloves)
Will     .....                  (no barding)
Stlth    ++........             (no amulet)
HPRegen  0.13/turn              (no ring)
MPRegen  0.11/turn              (no ring)

@: short of breath, slowed, very slow
A: large, reduced essence, see invisible, deformed body, poison resistance,
slowness 2, spit poison 1, AC +1
a: Spit Poison, Renounce Religion, Recall Ancestor, Ancestor Identity


You were on level 3 of the Dungeon.
You worshipped Hepliaklqana.
Hepliaklqana was noncommittal.
You visited 1 branch of the dungeon, and saw 3 of its levels.

You collected 143 gold pieces.

Inventory:

Hand Weapons
 a - a +2 dagger (weapon)
 l - a +1 vorpal hand axe
Missiles
 b - a curare-tipped dart (quivered)
 d - 40 poisoned darts
 m - 48 stones
Armour
 e - a +0 robe (worn)
Jewellery
 n - a +6 ring of dexterity {unknown}
Scrolls
 c - 3 scrolls of remove curse
 f - 4 scrolls of identify
 h - 2 scrolls of teleportation {unknown}
 i - a scroll of fear {unknown}
 o - a scroll of random uselessness {unknown}
Potions
 g - 2 potions of flight
 j - a potion of attraction {unknown}
 k - a potion of curing {unknown}
 p - 2 potions of resistance {unknown}


   Skills:
 - Level 1.4 Fighting
 - Level 3.6 Bows
 - Level 1.0 Throwing
 + Level 1.8 Stealth
 + Level 2.9 Spellcasting
 + Level 2.1 Conjurations
 * Level 2.9 Fire Magic
 + Level 0.0 Air Magic
 + Level 0.0 Poison Magic
 - Level 1.0 Evocations


You had one spell level left.
You knew the following spells:

 Your Spells              Type           Power        Failure   Level
a - Beastly Appendage     Tmut           2%           26%         1
b - Foxfire               Conj/Fire      28%          9%          1
c - Mephitic Cloud        Conj/Pois/Air  3%           50%         3
d - Ignite Poison         Fire/Tmut/Pois 4%           45%         3

Your spell library contained the following spells:

 Spells                   Type           Power        Failure   Level


Dungeon Overview and Level Annotations

Branches:
Dungeon (3/15)

Altars:
Ashenzari
Hepliaklqana
Makhleb
Wu Jian
The Shining One

Annotations:
D:3 Natasha


Innate Abilities, Weirdness & Mutations

You cannot wear boots.
Your serpentine skin is tough. (AC +1)
You have supernaturally acute eyesight. (SInv)
Armour fits poorly on your strangely shaped body.
Your system is resistant to poisons. (rPois)
You cover ground very slowly.
You can spit poison.
Your life essence is reduced to manifest your ancestor. (-10% HP)


Message History

Okay, then.
Okay, then.
Okay, then.
Casting: Foxfire (safe; 9% risk of failure)
Confirm with . or Enter, or press ? or * to list all spells.
You don't know that spell.
Okay, then.
Press: ? - help, Shift-Dir - straight line, f - white imp
Aim: a white imp (summoned)
The splash of poison hits the white imp but does no damage.
The white imp is poisoned.
Natasha stares at you and mumbles some strange words.
You resist with some effort. The white imp barely misses you.
Unknown command.
You barely miss Natasha.
Natasha is almost dead.
Natasha extends her claws.
Natasha casts a spell at you.
You feel yourself slow down. The white imp hits you.
You die...

.........#......)..#'###.##.÷)...
...).....#.._.............#..##..
.........#........#.....#.#..####
.........#..#...###.....#....####
.##########.#.### ##.....#......#
.# #.#.# #.###.#...#.##
.##########.#.######'###.##..#...
......#)).#.#.##......##.....####
#####.#)#.#.#.##@5....'.....>....
......#.#.#...##5h....###...#####
......#)#)######......# #...#
.###.##.#.# ####'#######.#
...#.##.#.# ...##...##...###
.....##.#.# <.8....8.'..8.<#
...####.#.###...##(..##...#######
.....##÷#...### ##+#######......
##.#.##.#...# #######


You could see Natasha and 2 white imps.

Vanquished Creatures
  Natasha (D:3)
  Robin (D:3)
  2 adders
  A dart slug (D:1)
  2 orcs (D:3)
  7 bats
  2 giant cockroaches
  8 goblins
  3 hobgoblins
  8 jackals
  4 ball pythons
  A frilled lizard (D:3)
  9 kobolds
  5 rats
54 creatures vanquished.

Vanquished Creatures (collateral kills)
  An ooze (D:3)
  A worm (D:3)
  3 orcs (D:3)
  A giant cockroach (D:3)
  4 goblins (D:3)
  3 hobgoblins (D:3)
13 creatures vanquished.

Vanquished Creatures (others)
  2 ancestors (D:3)
  102 foxfires
104 creatures vanquished.

Grand Total: 171 creatures vanquished

Notes
Turn   | Place    | Note
-------+----------+-------------------------------------------
     0 | D:1      | MajorAdolf the Naga Wanderer began the quest for the Orb.
     0 | D:1      | MajorAdolf set off with the following items: a +2 dagger, a
                  | curare-tipped dart, a +0 robe; and the following spells
                  | available to memorise: Foxfire, Beastly Appendage, Ignite
                  | Poison, Mephitic Cloud
     0 | D:1      | Reached XP level 1. HP: 18/18 MP: 3/3
   152 | D:1      | Learned a level 1 spell: Beastly Appendage
   154 | D:1      | Learned a level 1 spell: Foxfire
   390 | D:1      | Reached XP level 2. HP: 25/25 MP: 1/5
   941 | D:1      | Reached skill level 1 in Conjurations
  1075 | D:1      | Reached XP level 3. HP: 31/31 MP: 4/6
  2262 | D:2      | Found a hazy altar of Hepliaklqana.
  2485 | D:2      | Became a worshipper of Hepliaklqana the Forgotten
  2557 | D:3      | Found an ornate altar of the Wu Jian Council.
  2568 | D:3      | Found a broken altar of Ashenzari.
  2769 | D:3      | Reached XP level 4. HP: 34/34 MP: 1/7
  3023 | D:3      | Identified the cursed -5 helmet of the Many Quests {Harm
                  | Dex+2 Slay+2}
  3023 | D:3      | Noticed Robin
  3069 | D:3      | Killed Robin
  3070 | D:3      | Reached skill level 1 in Stealth
  3384 | D:3      | Found a burning altar of Makhleb.
  3386 | D:3      | Found a glowing golden altar of the Shining One.
  3476 | D:3      | Noticed Natasha
  3487 | D:3      | Killed Natasha
  3488 | D:3      | Reached XP level 5. HP: 39/39 MP: 2/9
  4087 | D:3      | Learned a level 3 spell: Mephitic Cloud
  4092 | D:3      | Learned a level 3 spell: Ignite Poison
  4366 | D:3      | Noticed Natasha
  4388 | D:3      | HP: 1/39 [white imp/puff of frost[Natasha] (3)]
  4390 | D:3      | Slain by a white imp

Illustrated notes

Levels and vault maps discovered:
D:1:      wander_arrival_chamber, layout_rooms, chequers_serial_rivers_room_a
D:2:      layout_loops_ring, nzn_hepliaklqana_mist_gate, roderic_lattice_a,
          chequers_serial_rivers_micro_e
D:3:      layout_basic, nicolae_overflow_hidden_temple,
          grunt_temple_overflow_open, hangedman_decor_growths,
          grunt_ministairs_5, uniq_robin, uniq_natasha

Skill      XL: |  1  2  3  4 |
---------------+-------------+-----
Conjurations   | 1 2 |  2.1
Fire Magic     | 2 |  2.9
Stealth        | 1 |  1.8
Fighting       | |  1.4
Bows           | |  3.6
Throwing       | |  1.0
Spellcasting   | |  2.9
Evocations     | |  1.0

Action                   |  1- 3 |  4- 6 || total
-------------------------+-------+-------++-------
Melee: Dagger            |    59 |    18 ||    77
       Headbutt          |     4 |       ||     4
 Cast: Foxfire           |    34 |    31 ||    65
       Beastly Appendage |     5 |       ||     5
 Abil: Spit Poison       |     3 |     1 ||     4
  Use: Scroll            |     2 |       ||     2
Armor: Robe              |    34 |     4 ||    38
Dodge: Dodged            |    42 |    22 ||    64
